 Dungeon Crawl Stone Soup version 0.23.2-1-ga50397a6bc (webtiles) character file.

Game seed: 12231055227136219420

291 Jaijje the Slinger (level 6, -4/43 HPs)
             Began as a Halfling Hunter on May 20, 2019.
             Slain by a mummy (13 damage)
             ... in an ossuary on May 21, 2019.
             The game lasted 00:13:51 (3478 turns).

Jaijje the Slinger (Halfling Hunter)                Turns: 3478, Time: 00:13:52

Health: -4/43      AC:  6    Str: 13    XL:     6   Next: 59%
Magic:  6/6        EV: 14    Int:  9    God:
Gold:   147        SH:  0    Dex: 17    Spells: 5/5 levels left

rFire    . . .     SeeInvis .   b - +0 short sword
rCold    . . .     Gourm    .   (shield restricted)
rNeg     . . .     Faith    .   c - +0 leather armour
rPois    .         Spirit   .   (no helmet)
rElec    .         Reflect  .   v - +0 cloak
rCorr    .         Harm     .   z - +0 pair of gloves
MR       .....                  x - +0 pair of boots
Stlth    ++........             (no amulet)
HPRegen  0.14/turn              (no ring)
MPRegen  0.10/turn              (no ring)

@: no status effects
A: small, mutation resistance 1
a: no special abilities


You were in an ossuary.
You were hungry.

You visited 1 branch of the dungeon, and saw 4 of its levels.
You also visited: Ossuary.

You collected 147 gold pieces.

Inventory:

Hand Weapons
 a - a +1 hunting sling
 b - a +0 short sword (weapon)
 B - the cursed +0 falchion "Jerau" {slice, Str+4 Stlth+}
   (You found it on level 4 of the Dungeon)

   It inflicts extra damage upon your enemies.
   It affects your strength (+4).
   It makes you more stealthy.
   It has a curse placed upon it.
Missiles
 d - 11 sling bullets
 j - 137 stones (quivered)
Armour
 c - a +0 leather armour (worn)
 v - a +0 cloak (worn)
 x - a +0 pair of boots (worn)
 z - a +0 pair of gloves (worn)
Jewellery
 m - an uncursed ring of stealth {unknown}
 q - an uncursed ring of protection from magic {unknown}
Wands
 w - a wand of random effects (17)
Scrolls
 e - 2 scrolls of identify
 h - 3 scrolls of teleportation {unknown}
 i - 2 scrolls of magic mapping {unknown}
 o - a scroll of enchant armour {unknown}
 r - 3 scrolls of fog {unknown}
 s - a scroll of blinking {unknown}
 t - a scroll of noise {unknown}
 y - a scroll of remove curse {unknown}
Potions
 g - a potion of heal wounds
 k - 3 potions of curing {unknown}
 l - a potion of invisibility
 n - 3 potions of magic {unknown}
 p - a potion of might {unknown}
 u - a potion of haste {unknown}
 A - a potion of flight {unknown}
Comestibles
 f - 6 rations


   Skills:
 - Level 4.0 Fighting
 + Level 1.1 Short Blades
 * Level 8.6 Slings
 + Level 1.0 Armour
 - Level 2.1 Dodging
 - Level 1.1 Stealth


You had 5 spell levels left.
You didn't know any spells.
Your spell library was empty.

Dungeon Overview and Level Annotations

Branches:
Dungeon (4/15)
 Temple: D:4-7

Altars:
Fedhas
Hepliaklqana
Makhleb
Ru
Uskayaw


Innate Abilities, Weirdness & Mutations

You are small and have problems with some larger weapons.
You are somewhat resistant to further mutation.


Message History

The mummy misses you.
You hit the mummy.
The mummy is severely damaged.
The mummy hits you.
* * * LOW HITPOINT WARNING * * *
You barely miss the mummy.
The mummy is severely damaged.
The mummy closely misses you. The mummy misses you.
You barely miss the mummy.
The mummy is severely damaged.
You hit the mummy but do no damage.
The mummy is severely damaged.
The mummy completely misses you. The mummy barely misses you.
You hit the mummy but do no damage.
The mummy is severely damaged.
The mummy misses you.
You hit the mummy.
The mummy is almost destroyed.
The mummy hits you!
You die...

##+##
#...#
#.@.#
#M.M#
#.∩.#
#...#
#...(.#
#.#.#(#
#######


You could see 2 mummies.

Vanquished Creatures
  2 hounds (D:4)
  An orc wizard (D:3)
  Terence (D:2)
  Ijyb (D:3)
  A mummy (Ossuary)
  Robin (D:2)
  2 adders
  4 worms
  3 leopard geckos
  4 orcs
  10 bats
  5 giant cockroaches
  9 goblins
  9 hobgoblins
  14 jackals
  2 quokkas
  2 ball pythons
  5 frilled lizards
  5 kobolds
  11 rats
92 creatures vanquished.

Notes
Turn   | Place    | Note
-------+----------+-------------------------------------------
     0 | D:1      | Jaijje the Halfling Hunter began the quest for the Orb.
     0 | D:1      | Reached XP level 1. HP: 14/14 MP: 1/1
    93 | D:1      | Reached skill level 6 in Slings
   313 | D:1      | Reached XP level 2. HP: 19/19 MP: 2/2
   725 | D:2      | Reached XP level 3. HP: 23/25 MP: 3/3
   736 | D:2      | Found a hazy altar of Hepliaklqana.
   991 | D:2      | Noticed Robin
  1054 | D:2      | Killed Robin
  1054 | D:2      | Reached XP level 4. HP: 13/30 MP: 4/4
  1096 | D:2      | Reached skill level 7 in Slings
  1101 | D:3      | Found a burning altar of Makhleb.
  1385 | D:2      | Found a hide-covered altar of Uskayaw.
  1492 | D:2      | Noticed Terence
  1572 | D:2      | Killed Terence
  1744 | D:2      | Reached XP level 5. HP: 36/36 MP: 5/5
  1828 | D:2      | Found a blossoming altar of Fedhas.
  2450 | D:3      | Noticed Ijyb
  2458 | D:3      | Killed Ijyb
  2511 | D:3      | Found a sacrificial altar of Ru.
  2618 | D:3      | Reached skill level 8 in Slings
  2618 | D:3      | Reached XP level 6. HP: 33/43 MP: 6/6
  3319 | D:4      | Reached skill level 1 in Short Blades
  3416 | D:4      | Got a bloodstained falchion
  3423 | D:4      | Identified the cursed +0 falchion "Jerau" {slice, Str+4
                  | Stlth+} (You found it on level 4 of the Dungeon)
  3435 | D:4      | Found a sand-covered staircase.
  3445 | Ossuary  | Entered an ossuary
  3464 | Ossuary  | Reached skill level 1 in Armour
  3478 | Ossuary  | Slain by a mummy

Skill      XL: |  1  2  3  4  5  6 |
---------------+-------------------+-----
Slings         | 6 7 8 |  8.6
Fighting       | 2 3 4 |  4.0
Short Blades   | 1 |  1.1
Armour         | 1 |  1.0
Dodging        | |  2.1
Stealth        | |  1.1

Action                   |  1- 3 |  4- 6 || total
-------------------------+-------+-------++-------
Melee: Short sword       |    57 |   238 ||   295
 Fire: Hunting sling     |    61 |    60 ||   121
  Use: Potion            |     1 |     1 ||     2
       Scroll            |       |     1 ||     1
  Eat: Chunk             |       |     8 ||     8
Armor: Leather armour    |    14 |    61 ||    75
Dodge: Dodged            |    45 |   213 ||   258
